 Dungeon Sprint DCSS version 0.21.1-1-g345015f (webtiles) character file.

5351 Fang the Warrior (level 10, -8/108 HPs)
             Began as a Minotaur Berserker on May 16, 2018.
             Was the Champion of Trog.
             Mangled by a red draconian
             ... wielding a +0 glaive
              (12 damage)
             ... in the Dungeon (Sprint V: "Ziggurat Sprint").
             The game lasted 00:03:30 (1019 turns).

Fang the Warrior (Minotaur Berserker)               Turns: 1019, Time: 00:03:31

Health: -8/108     AC:  9    Str: 34    XL:     10   Next: 38%
Magic:  9/9        EV: 16    Int:  6    God:    Trog [******]
Gold:   0          SH:  0    Dex: 11    Spells: 9/9 levels left

rFire    . . .     SeeInvis .   b - +4 hand axe "Sarcophage" {flame, rPois rN+ MR++ Str-3}
rCold    . . .     Gourm    .   (no shield)
rNeg     + . .     Faith    .   B - +1 leather armour "Zenuju Kur" {Str+4 Int+2}
rPois    +         Spirit   .   (helmet restricted)
rElec    .         Reflect  .   (no cloak)
rCorr    .         Harm     .   l - +2 pair of gloves {Str+3}
MR       ++...     NoTele   +   (no boots)
Stlth    ++........             (no amulet)
HPRegen  0.28/turn              G - ring of flight
MPRegen  0.11/turn              F - +6 ring of strength

@: berserk cooldown, slowed, very slow
A: retaliatory headbutt, horns 2
a: Berserk, Trog's Hand, Brothers in Arms, Burn Spellbooks, Renounce Religion,
Evoke Flight


You were in the Dungeon.
You worshipped Trog.
Trog was exalted by your worship.
You were not hungry.

You visited 1 branch

Inventory:

Hand Weapons
 b - the +4 hand axe "Sarcophage" (weapon) {flame, rPois rN+ MR++ Str-3}
   (Trog gifted it to you in the Dungeon)

   It has been specially enchanted to burn those struck by it, causing extra
   injury to most foes and up to half again as much damage against particularly
   susceptible opponents.
   Big, fiery blades are also staple armaments of hydra-hunters.
   It affects your strength (-3).
   It protects you from poison.
   It protects you from negative energy.
   It affects your resistance to hostile enchantments.
Armour
 l - a +2 pair of gloves of strength (worn)
 B - the +1 leather armour "Zenuju Kur" (worn) {Str+4 Int+2}
   (You found it in the Dungeon)

   It affects your strength (+4).
   It affects your intelligence (+2).
Jewellery
 k - a +2 ring of slaying
 F - a +6 ring of strength (right hand)
 G - a ring of flight (left hand)
Wands
 x - a wand of disintegration (7)
 y - a wand of iceblast (7)
 z - a wand of acid (7)
Scrolls
 i - 4 scrolls of blinking
 m - 7 scrolls of fog
 n - a scroll of holy word
 o - 5 scrolls of identify
 p - 5 scrolls of remove curse
 q - 2 scrolls of fear
Potions
 d - 10 potions of curing
 e - 10 potions of heal wounds
 f - 6 potions of haste
 g - 7 potions of magic
 h - 3 potions of berserk rage
 r - 2 potions of brilliance
 s - 2 potions of invisibility
 t - 4 potions of resistance
 v - 5 potions of agility
 w - 5 potions of might
Miscellaneous
 j - a phial of floods
 A - a sack of spiders
Comestibles
 a - 17 chunks of flesh
 c - 7 rations


   Skills:
 + Level 16.3 Fighting
 + Level 15.9(16.5) Axes
   Level 7.9(13.0) Polearms
 + Level 11.3 Armour
 + Level 8.7 Dodging
 + Level 3.9 Stealth


You had 9 spell levels left.
You didn't know any spells.

Dungeon Overview and Level Annotations

Branches:
Dungeon (1/1)

Altars:
Ashenzari
Cheibriados
Dithmenos
Elyvilon
Fedhas
Gozag
Hepliaklqana
Kikubaaqudgha
Makhleb
Nemelex Xobeh
Okawaru
Qazlal
Ru
Sif Muna
Trog
Uskayaw
Vehumet
Wu Jian
Xom
Yredelemnul
Zin
The Shining One
Beogh
Jiyva
Lugonu

Annotations:
D 1 transporter


Innate Abilities, Weirdness & Mutations

You reflexively headbutt those who attack you in melee.
You have a pair of horns on your head.


Message History

The yellow draconian closely misses you.
The red draconian hits you with a glaive.
* * * LOW HITPOINT WARNING * * *
The draconian hits you with a flail!
* * * LOW HITPOINT WARNING * * *
Things that are here:
the +8 storm bow {elec}; a mace; a draconian corpse You slice the draconian!!
You burn the draconian.
You kill the draconian!
Trog accepts your kill.
You closely miss the red draconian. You slash the draconian!
You burn the draconian. The draconian hits you with a trident.
* * * LOW HITPOINT WARNING * * *
The yellow draconian completely misses you.
Unknown command.
You are no longer berserk.
You are exhausted.
You feel yourself slow down.
The red draconian hits you from afar with a glaive!
You die...

▓........▓........▓
▓...©....▓...©....▓
▓▓▓▓▓▓▓▓▓▓▓▓▓▓▓▓▓▓▓
▓...8©8...▓..8©8..▓
▓..[:%[...▓...)...▓
▓...))....▓....=..▓
▓.........▓.......▓
▓..dd.d...▓.......▓
▓...@))...▓.......▓
▓.........▓.......▓
▓.▓..§..▓.▓.▓.).▓.▓
▓....©....▓...©...▓
▓▓▓▓▓▓▓▓▓▓▓▓▓▓▓▓▓▓▓
▓..8©8..▓ ▓).[||..▓
▓†..||..▓ ▓.......▓


You could see a yellow draconian, a red draconian and a draconian.

Vanquished Creatures
  4 draconians (D)
  2 rime drakes (D)
  A jumping spider (D)
  2 slime creatures (D)
  A tarantella (D)
  2 redbacks (D)
  A yak (D)
  2 steam dragons (D)
  An acid dragon (D)
  A hell hound (D)
  A floating eye (D)
  A porcupine (D)
  A swamp drake (D)
  A necrophage (D)
  An eye of draining (D)
  A wolf (D)
  2 scorpions (D)
  2 jellies (D)
  A bat zombie (D)
  A jackal (D)
  A ball python skeleton (D)
  A giant cockroach zombie (D)
  A jackal zombie (D)
  A leopard gecko zombie (D)
  A quokka zombie (D)
34 creatures vanquished.

Notes
Turn   | Place    | Note
-------+----------+-------------------------------------------
     0 | D        | Found the +6 Majin-Bo {vamp, Archmagi MP+6 Int+6}
     0 | D        | Found the +7 great mace "Firestarter" {inner flame, rF++}
     0 | D        | Fang the Minotaur Berserker began the quest for the Orb.
     0 | D        | Reached XP level 1. HP: 19/19 MP: 0/0
     3 | D        | Found a blossoming altar of Fedhas.
     4 | D        | Found a viscous altar of Jiyva.
     4 | D        | Found a hazy altar of Hepliaklqana.
     4 | D        | Found a transporter.
     4 | D        | Found an opulent altar of Gozag.
     4 | D        | Found an ancient bone altar of Kikubaaqudgha.
     4 | D        | Found a corrupted altar of Lugonu.
    10 | D        | Found a burning altar of Makhleb.
    11 | D        | Found a stormy altar of Qazlal.
    11 | D        | Found a sacrificial altar of Ru.
    11 | D        | Found an iron altar of Okawaru.
    11 | D        | Found a deep blue altar of Sif Muna.
    11 | D        | Found a sparkling altar of Nemelex Xobeh.
    11 | D        | Found a bloodstained altar of Trog.
    73 | D        | Entered arena 2.
    73 | D        | Noticed a jelly
    73 | D        | Noticed an eye of draining
    73 | D        | Found a transporter.
    76 | D        | Killed a jelly
    76 | D        | Reached skill level 5 in Fighting
    76 | D        | Reached skill level 5 in Axes
    76 | D        | Reached XP level 2. HP: 30/30 MP: 1/1
    76 | D        | Reached XP level 3. HP: 37/37 MP: 2/2
    77 | D        | Killed an eye of draining
    77 | D        | Reached skill level 8 in Fighting
    77 | D        | Reached skill level 1 in Polearms
    77 | D        | Reached XP level 4. HP: 48/48 MP: 0/3
   117 | D        | Entered arena 3.
   117 | D        | Noticed a hell hound
   117 | D        | Found a transporter.
   124 | D        | Killed a hell hound
   124 | D        | Reached ** piety under Trog
   124 | D        | Reached skill level 9 in Fighting
   124 | D        | Reached skill level 5 in Armour
   124 | D        | Reached XP level 5. HP: 57/57 MP: 4/4
   133 | D        | Got the +2 hand axe "Qias" {speed, rC+ Int+4}
   176 | D        | Entered arena 4.
   176 | D        | Noticed a wolf
   176 | D        | Noticed a yak
   176 | D        | Noticed a porcupine
   176 | D        | Found a transporter.
   183 | D        | Killed a porcupine
   183 | D        | Reached skill level 10 in Fighting
   183 | D        | Reached skill level 10 in Axes
   183 | D        | Reached XP level 6. HP: 59/66 MP: 5/5
   185 | D        | Killed a yak
   185 | D        | Reached *** piety under Trog
   185 | D        | Reached skill level 5 in Dodging
   186 | D        | Reached skill level 11 in Fighting
   186 | D        | Reached XP level 7. HP: 58/74 MP: 6/6
   203 | D        | Got the +1 leather armour "Zenuju Kur" {Str+4 Int+2}
   333 | D        | Entered arena 5.
   333 | D        | Noticed a slime creature
   333 | D        | Noticed a slime creature
   333 | D        | Found a transporter.
   338 | D        | Killed a slime creature
   338 | D        | Reached skill level 5 in Polearms
   338 | D        | Reached **** piety under Trog
   341 | D        | Killed a slime creature
   341 | D        | Reached skill level 12 in Fighting
   341 | D        | Reached XP level 8. HP: 85/85 MP: 7/7
   347 | D        | Reached ***** piety under Trog
   347 | D        | Received a gift from Trog
   348 | D        | Reached skill level 13 in Fighting
   348 | D        | Reached XP level 9. HP: 86/93 MP: 8/8
   373 | D        | Entered arena 6.
   373 | D        | Found a transporter.
   394 | D        | Entered arena 7.
   394 | D        | Noticed a jumping spider
   395 | D        | Found a transporter.
   404 | D        | Killed a jumping spider
   404 | D        | Received a gift from Trog
   405 | D        | Reached skill level 14 in Fighting
   783 | D        | Entered arena 8.
   783 | D        | Noticed a rime drake
   783 | D        | Noticed a rime drake
   785 | D        | Found a transporter.
   792 | D        | Killed a rime drake
   792 | D        | Reached skill level 10 in Armour
   797 | D        | Killed a rime drake
   798 | D        | Reached ****** piety under Trog
   799 | D        | Reached skill level 15 in Fighting
   799 | D        | Reached skill level 15 in Axes
   816 | D        | Received a gift from Trog
   819 | D        | Got a brightly glowing hand axe {god gift}
   820 | D        | Identified the +4 hand axe "Sarcophage" {flame, rPois rN+ MR++ Str-3} (Trog gifted it to you in the Dungeon)
   999 | D        | Entered arena 9.
   999 | D        | Noticed a draconian
   999 | D        | Noticed a yellow draconian
   999 | D        | Noticed a draconian
   999 | D        | Noticed a red draconian
   999 | D        | Noticed a draconian
   999 | D        | Noticed a draconian
   999 | D        | Noticed a draconian
  1001 | D        | Found a transporter.
  1005 | D        | Killed a draconian
  1005 | D        | Reached XP level 10. HP: 102/106 MP: 9/9
  1012 | D        | Killed a draconian
  1016 | D        | Killed a draconian
  1016 | D        | Reached skill level 16 in Fighting
  1017 | D        | HP: 8/160 [draconian/flail (10)]
  1018 | D        | Killed a draconian
  1019 | D        | Mangled by a red draconian

Skill      XL: |  1  2  3  4  5  6  7  8  9 10 |
---------------+-------------------------------+-----
Fighting       | 5 8 9 10 11 12 13 15 16 | 16.3
Axes           | 5 7 9 10 11 12 13 15 | 15.9
Armour         | 3 4 5 6 7 8 10 11 | 11.3
Polearms       | 1 2 3 4 6 7 |  7.9
Dodging        | 3 4 5 7 8 |  8.7
Stealth        | 3 |  3.9

Action                   |  1- 3 |  4- 6 |  7- 9 | 10-12 || total
-------------------------+-------+-------+-------+-------++-------
Melee: Demon trident     |     3 |    16 |       |       ||    19
       Headbutt          |     1 |     4 |    17 |     1 ||    23
       Hand axe          |       |       |    48 |    12 ||    60
Invok: Berserk           |     1 |     2 |     4 |       ||     7
       Burn Spellbooks   |       |       |     1 |       ||     1
  Use: Potion            |       |       |     1 |       ||     1
  Eat: Chunk             |       |       |     6 |       ||     6
Armor: Shadow dragon sca |       |     9 |       |       ||     9
       Leather armour    |       |       |     2 |       ||     2
Dodge: Dodged            |       |    10 |    18 |    12 ||    40
